 Dungeon Crawl Stone Soup version 0.30.2 (webtiles) character file.

Game seed: 17789709458437345463

76 Ashen the Magician (level 4, -1/32 HPs)
             Began as a Gnoll Hedge Wizard on Jan 30, 2024.
             Slain by a +5 spectral club (6 damage)
             ... created by Ijyb
             ... on level 3 of the Dungeon.
             The game lasted 00:03:45 (2623 turns).

Ashen the Magician (Gnoll Hedge Wizard)             Turns: 2623, Time: 00:03:45

Health: -1/32      AC:  6    Str:  9    XL:     4   Next: 32%
Magic:  7/13       EV: 12    Int: 16    God:
Gold:   142        SH:  0    Dex: 11    Spells: 14/17 levels left

rFire   . . .        o - +2 dagger (drain)
rCold   . . .        (no shield)
rNeg    . . .        j - +2 leather armour {rPois}
rPois   +            c - +0 hat
rElec   .            i - +0 cloak
rCorr   .            (no gloves)
SInv    +            (no boots)
Will    .....        (no amulet)
Stlth   ++           a - ring of see invisible
HPRegen 0.25/turn    (no ring)
MPRegen 0.13/turn

%: no passive effects
@: no status effects
A: fangs 1, strong nose, distributed training
a: no special abilities


You were on level 3 of the Dungeon.
You visited 1 branch of the dungeon, and saw 3 of its levels.

You collected 142 gold pieces.

Inventory:

Hand Weapons
 o - a +2 dagger of draining (weapon)
Armour
 c - a +0 hat (worn)
 i - a +0 cloak (worn)
 j - a +2 leather armour of poison resistance (worn)
Jewellery
 a - a ring of see invisible (left hand)
Scrolls
 e - 3 scrolls of magic mapping {unknown}
 f - 2 scrolls of teleportation {unknown}
 g - 2 scrolls of fear {unknown}
 h - 5 scrolls of identify {unknown}
 l - a scroll of fog {unknown}
 m - a scroll of amnesia {unknown}
 n - a scroll of enchant weapon {unknown}
Potions
 b - a potion of curing
 d - a potion of magic
 k - 2 potions of heal wounds {unknown}


   Skills:
 + Level 1.1 Fighting
 + Level 1.1 Short Blades
 + Level 1.1 Long Blades
 + Level 1.1 Axes
 + Level 1.1 Maces & Flails
 + Level 1.1 Polearms
 + Level 1.1 Staves
 + Level 1.1 Ranged Weapons
 + Level 1.1 Throwing
 + Level 1.1 Armour
 + Level 4.6 Dodging
 + Level 4.2 Stealth
 + Level 1.1 Shields
 + Level 1.1 Unarmed Combat
 + Level 7.2 Spellcasting
 + Level 2.2 Conjurations
 + Level 0.9 Hexes
 + Level 2.2 Summonings
 + Level 0.9 Necromancy
 + Level 2.2 Translocations
 + Level 0.9 Transmutations
 + Level 0.9 Fire Magic
 + Level 0.9 Ice Magic
 + Level 0.9 Air Magic
 + Level 0.9 Earth Magic
 + Level 0.9 Poison Magic
 + Level 1.2 Invocations
 + Level 1.1 Evocations


You had 14 spell levels left.
You knew the following spells:

 Your Spells              Type           Power      Damage    Failure   Level
a - Magic Dart            Conj           52%        1d5       7%          1
b - Blink                 Tloc           26%        N/A       10%         2

Your spell library contained the following spells:

 Spells                   Type           Power      Damage    Failure   Level
 Call Imp                 Summ           26%        N/A       10%         2
 Slow                     Hex            32%        N/A       12%         1
 Cigotuvi's Dreadful Rot  Necr/Pois/Air  16%        N/A       17%         2
 Mephitic Cloud           Conj/Pois/Air  10%        N/A       28%         3


Dungeon Overview and Level Annotations

Branches:
Dungeon (3/15)

Altars:

Shops:
D:2 *

Annotations:
D:3 exclusion: kobold, Ijyb, Sigmund


Innate Abilities, Weirdness & Mutations

You have very sharp teeth.
Your uncanny sense of smell can sniff out nearby items.
Your experience applies equally to all skills.


Message History

Casting: Magic Dart (safe; 7% risk of failure)
Confirm with . or Enter, or press ? or * to list all spells.
Aiming: Magic Dart (safe; 7% risk of failure)
Press: ? - help, Shift-Dir - straight line, f/p - goblin
Aim: a goblin, wielding a +0 sling (heavily wounded, 100% to hit)
The magic dart hits the goblin.
The goblin is severely wounded.
The goblin shoots a sling bullet.
The sling bullet hits you but does no damage.
Casting: Magic Dart (safe; 7% risk of failure)
Confirm with . or Enter, or press ? or * to list all spells.
Aiming: Magic Dart (safe; 7% risk of failure)
Press: ? - help, Shift-Dir - straight line, f/p - goblin
Aim: a goblin, wielding a +0 sling (severely wounded, 100% to hit)
The magic dart hits the goblin.
You kill the goblin!
Ijyb drinks a potion.
Ijyb goes berserk!
Casting: Magic Dart (safe; 7% risk of failure)
Confirm with . or Enter, or press ? or * to list all spells.
Aiming: Magic Dart (safe; 7% risk of failure)
Press: ? - help, Shift-Dir - straight line, f - Ijyb
Aim: Ijyb, wielding a +5 spectral club, wearing a +0 chain mail and carrying a wand of iceblast (5) (berserk, 100% to hit)
The magic dart hits Ijyb.
Ijyb is lightly wounded.
It was a potion of curing.
You feel better. Ijyb hits you with a +5 spectral club!
The +5 spectral club closely misses you.
A +5 spectral club comes into view.
Casting: Magic Dart (safe; 7% risk of failure)
Confirm with . or Enter, or press ? or * to list all spells.
Aiming: Magic Dart (safe; 7% risk of failure)
Press: ? - help, Shift-Dir - straight line, f - Ijyb
Aim: Ijyb, wielding a +5 spectral club, wearing a +0 chain mail and carrying a wand of iceblast (5) (lightly wounded, berserk, 100% to hit)
The magic dart hits Ijyb.
Ijyb is lightly wounded.
The +5 spectral club completely misses you.
Ijyb hits you with a +5 spectral club!
* * * LOW HITPOINT WARNING * * *
The +5 spectral club hits you.
You die...

#...#.....#...#..≈≈##
#...#.....#)..#..≈≈..
#...#.....#...#..≈≈##
##'##.....##'##..≈≈##
#............#.).≈≈##
#............#...≈≈##
#...##########...≈≈..
#...#....... ####≈≈..
#...@g)).... ∆∆∆#≈≈##
#...(....... ∆∆∆#≈≈#
############ ##


You could see a +5 spectral club and Ijyb (berserk).

Vanquished Creatures
  2 adders
  A worm (D:2)
  2 dart slugs (D:2)
  4 ball pythons
  3 endoplasms
  10 goblins
  6 hobgoblins
  3 jackals (D:3)
  2 quokkas (D:2)
  5 bats
  4 kobolds
  6 rats
48 creatures vanquished.

Notes
Turn   | Place    | Note
-------+----------+-------------------------------------------
     0 | D:1      | Ashen the Gnoll Hedge Wizard began the quest for the Orb.
     0 | D:1      | Reached XP level 1. HP: 13/13 MP: 8/8
   230 | D:1      | Reached XP level 2. HP: 19/19 MP: 3/10
   754 | D:1      | You fall into a shaft and drop 1 floor!
   828 | D:2      | Learned a level 2 spell: Blink
   909 | D:2      | Reached XP level 3. HP: 25/25 MP: 7/11
  1017 | D:2      | Reached skill level 1 in Invocations
  1183 | D:2      | Found Quudap's Assorted Antiques.
  1757 | D:3      | Reached skill level 1 in Fighting
  1757 | D:3      | Reached skill level 1 in Short Blades
  1757 | D:3      | Reached skill level 1 in Long Blades
  1757 | D:3      | Reached skill level 1 in Axes
  1757 | D:3      | Reached skill level 1 in Maces & Flails
  1757 | D:3      | Reached skill level 1 in Polearms
  1757 | D:3      | Reached skill level 1 in Staves
  1757 | D:3      | Reached skill level 1 in Ranged Weapons
  1757 | D:3      | Reached skill level 1 in Throwing
  1757 | D:3      | Reached skill level 1 in Armour
  1757 | D:3      | Reached skill level 1 in Shields
  1757 | D:3      | Reached skill level 1 in Unarmed Combat
  1757 | D:3      | Reached skill level 1 in Evocations
  1799 | D:3      | Identified the +3 robe "Muggufy" {rF++ Dex-3}
  2017 | D:3      | Reached XP level 4. HP: 26/32 MP: 3/13
  2289 | D:3      | Noticed Sigmund
  2534 | D:3      | Identified the +3 mace "Loekk" {drain, *Noise rPois rN+}
  2615 | D:3      | Noticed Ijyb
  2623 | D:3      | Slain by a +5 spectral club

Illustrated notes

Levels and vault maps discovered:
D:1:      erik_arrival_blinker_ship, layout_loops_cross
D:2:      layout_basic, serial_shops, nicolae_shop_just_a_little_nook,
          glass_columns_b, item_on_display_a
D:3:      kennysheep_goblin_castle, layout_loops_corners, uniq_sigmund

Skill      XL: |  1  2  3 |
---------------+----------+-----
Conjurations   | 2 |  2.2
Summonings     | 2 |  2.2
Translocations | 2 |  2.2
Invocations    | 1 |  1.2
Fighting       | 1 |  1.1
Short Blades   | 1 |  1.1
Long Blades    | 1 |  1.1
Axes           | 1 |  1.1
Maces & Flails | 1 |  1.1
Polearms       | 1 |  1.1
Staves         | 1 |  1.1
Ranged Weapons | 1 |  1.1
Throwing       | 1 |  1.1
Armour         | 1 |  1.1
Shields        | 1 |  1.1
Unarmed Combat | 1 |  1.1
Evocations     | 1 |  1.1
Dodging        | |  4.6
Stealth        | |  4.2
Spellcasting   | |  7.2
Hexes          | |  0.9
Necromancy     | |  0.9
Transmutations | |  0.9
Fire Magic     | |  0.9
Ice Magic      | |  0.9
Air Magic      | |  0.9
Earth Magic    | |  0.9
Poison Magic   | |  0.9

Action                     |  1- 3 |  4- 6 || total
---------------------------+-------+-------++-------
  Melee: Dagger            |    28 |     3 ||    31
         Bite              |     3 |       ||     3
   Cast: Magic Dart        |    78 |    23 ||   101
    Use: Potion            |       |     1 ||     1
   Stab: Sleeping          |     3 |       ||     3
 Armour: Leather armour    |    16 |     5 ||    21
  Dodge: Dodged            |    17 |    12 ||    29
